Map: Cosmic Sapphire

Players

A.I. 1 (Very Easy) - Winner!

  • Race: Zerg Zerg
  • Spawn Location: 11:00

locc

  • Race: Protoss Protoss
  • League: Diamond
  • Spawn Location: 5:00

VOD

Have the link to the VOD?

Description

Time

  • Played on: Jan. 12, 2023, 2:25 p.m.
  • Length: 6:15
Show
View Real Time Build Order
Export as new Build Order

A.I. 1 (Very Easy) Zerg - Winner!

Build Orders: Hatch First 

Get SALT Encoding   

  12  0:01  Drone  
  13  0:12  Overlord  
  13  0:16  Drone  
  14  0:41  Hatchery  
  13  0:45  Drone  
  14  1:03  Spawning Pool  
  13  1:05  Drone  
  13  1:08  Extractor  
  13  1:13  Drone  
  14  1:20  Overlord  
  14  1:50  Zergling x2  
  14  1:51  Queen  
  14  1:52  Zergling x2  
  18  1:59  Roach Warren  
  17  2:04  Drone  
  17  2:07  Extractor  
  17  2:11  Drone  
  18  2:16  Zergling x2  
  18  2:22  Drone  
  20  2:29  Drone  
  21  2:36  Drone  
  22  2:43  Drone  
  23  2:51  Drone  
  24  2:58  Drone  
  25  3:03  Roach  
  25  3:05  Drone  
  28  3:10  Overlord  
  28  3:14  Drone  
  29  3:21  Drone  
  30  3:29  Drone  
  31  3:36  Drone  
  32  3:43  Drone  
  32  3:45  Overlord  
  33  3:50  Drone, Roach  
  33  3:55  Lair  
  36  3:57  Drone  
  37  4:06  Drone  
  38  4:13  Drone  
  39  4:20  Drone  
  40  4:27  Drone  
  40  4:28  Overlord  
  41  4:34  Drone  
  41  4:37  Roach  
  44  4:41  Drone  
  45  4:49  Drone  
  45  4:52  Overseer  
  46  4:53  Overseer  
  46  4:56  Drone, Extractor  
  46  5:03  Drone  
  46  5:04  Extractor  
  46  5:10  Drone  
  47  5:17  Drone  
  48  5:24  Roach  
  48  5:25  Drone  
  51  5:32  Drone  
  52  5:39  Drone  
Show
View Real Time Build Order
Export as new Build Order

locc Protoss 

Build Orders: 1 Gate Expand, Oracle Opening 

Get SALT Encoding   

  12  0:01  Probe  
  13  0:13  Probe  
  14  0:20  Pylon  
  14  0:25  Probe  
  15  0:38  Probe (Chrono Boost)  
  15  0:39  Gateway  
  17  0:50  Probe (Chrono Boost)  
  17  0:52  Assimilator  
  17  0:55  Probe (Chrono Boost)  
  18  1:05  Probe  
  19  1:18  Probe  
  20  1:26  Nexus  
  20  1:35  Cybernetics Core  
  20  1:38  Probe  
  21  1:51  Assimilator  
  21  1:53  Pylon  
  22  1:54  Probe  
  22  2:06  Probe  
  23  2:13  Adept (Chrono Boost)  
  25  2:29  Stargate  
  25  2:37  Probe  
  26  2:39  Stalker  
  26  2:44  Probe (Chrono Boost)  
  29  2:47  Warp Gate  
  29  2:49  Probe (Chrono Boost)  
  30  2:56  Probe (Chrono Boost)  
  32  2:59  Probe (Chrono Boost)  
  32  3:03  Probe (Chrono Boost)  
  33  3:12  Oracle (Chrono Boost)  
  33  3:18  Probe  
  33  3:19  Probe  
  38  3:20  Adept  
  38  3:22  Pylon  
  40  3:30  Probe  
  40  3:31  Probe  
  42  3:44  Probe x2  
  42  3:45  Nexus  
  42  3:46  Pylon, Oracle (Chrono Boost)  
  47  3:56  Probe  
  47  3:58  Assimilator  
  47  4:00  Pylon  
  47  4:02  Assimilator  
  48  4:06  Shield Battery  
  48  4:09  Probe x2  
  50  4:18  Twilight Council  
  50  4:21  Forge  
  50  4:24  Probe x2  
  52  4:33  Gateway  
  52  4:34  Shield Battery  
  52  4:36  Gateway  
  52  4:38  Probe (Chrono Boost)  
  54  4:41  Probe (Chrono Boost)  
  54  4:49  Probe (Chrono Boost)  
  54  4:51  Adept  
  57  4:54  Probe x2 (Chrono Boost)  
  59  5:04  Robotics Facility  
  59  5:07  Probe (Chrono Boost)  
  61  5:08  Probe (Chrono Boost)  
  61  5:15  Probe (Chrono Boost)  
  61  5:19  Probe (Chrono Boost), Adept  
  66  5:24  Probe (Chrono Boost)  
  66  5:25  Probe (Chrono Boost)  
  66  5:26  Probe (Chrono Boost)  
  68  5:29  Pylon  
  68  5:31  Probe  
  68  5:33  Probe x2  
  71  5:43  Probe, Templar Archives  
  71  5:46  Probe x2  
  71  5:47  Assimilator  
  74  5:59  Shield Battery  
  74  6:00  Probe, Gateway  
  74  6:01  Probe x2  
  77  6:06  Gateway  
  77  6:07  Gateway  
  77  6:11  Gateway  
Tags
 
Add a new tag
Caveats
  • Supply blocks, unpowered buildings, or Contaminate may cause inaccurate times.
  • Supply counts are checked every 10 seconds.